Map: Last Fantasy LE

Players

Asimov - Winner!

  • Race: Terran Terran
  • League: Gold
  • Spawn Location: 7:00

VEGA

  • Race: Zerg Zerg
  • League: Master
  • Spawn Location: 3:00

VOD

Have the link to the VOD?

Description

ZVT 40+ minutes long. I controlled the whole map but couldn't close the game out. Not enough experience with Zerg in end game. It says I am Masters but I believe I am Silver. I just got back into playing the game again after years of absence.

Time

  • Played on: Nov. 2, 2025, 11:13 p.m.
  • Length: 40:23
Show
View Real Time Build Order
Export as new Build Order

Asimov Terran - Winner!

Build Orders: Mech 

Get SALT Encoding   

  12  0:00  SCV  
  13  0:12  SCV  
  14  0:23  Supply Depot  
  14  0:24  SCV  
  15  0:32  Refinery  
  15  0:46  Barracks  
  15  0:48  SCV  
  16  1:00  SCV  
  17  1:12  SCV  
  18  1:21  Refinery  
  18  1:24  SCV  
  19  1:33  Marine  
  19  1:34  Supply Depot  
  19  1:36  SCV  
  21  1:48  SCV  
  22  1:58  Barracks Tech Lab  
  22  2:00  SCV, Factory  
  23  2:30  Command Center  
  23  2:33  Marine  
  23  2:36  SCV  
  25  2:50  Siege Tank  
  28  2:54  Orbital Command  
  28  3:01  Starport  
  28  3:12  Barracks Tech Lab  
  28  3:18  Supply Depot  
  28  3:37  Viking  
  30  3:46  Factory  
  30  3:51  Siege Tank  
  34  3:55  SCV  
  34  3:57  Refinery  
  34  4:04  Engineering Bay  
  34  4:07  SCV  
  35  4:19  SCV  
  36  4:25  Armory  
  36  4:26  SCV  
  37  4:32  SCV  
  37  4:36  Sensor Tower  
  38  4:41  Liberator  
  41  4:53  Supply Depot  
  41  5:01  Planetary Fortress  
  41  5:07  Refinery  
  41  5:18  Thor  
  47  5:34  Command Center  
  47  5:39  SCV  
  48  5:44  Neosteel Armor  
  48  5:51  SCV  
  48  5:56  Supply Depot  
  49  5:57  Supply Depot  
  49  6:01  Terran Vehicle Weapons Level 1  
  49  6:02  Barracks Tech Lab  
  49  6:06  Starport Tech Lab  
  49  6:15  Thor  
  55  6:20  SCV  
  56  6:26  Supply Depot  
  56  6:30  Supply Depot  
  56  6:32  SCV  
  57  6:37  Siege Tank  
  60  6:49  Orbital Command  
  60  6:53  Supply Depot  
  60  6:57  Supply Depot  
  60  7:08  SCV  
  61  7:20  SCV  
  62  7:23  Sensor Tower  
  62  7:28  Siege Tank  
  65  7:32  SCV  
  65  7:35  Factory  
  57  8:14  Siege Tank  
  57  8:15  Siege Tank  
  57  8:18  Refinery  
  63  8:21  Refinery  
  63  8:23  SCV  
  64  8:29  Armory  
  64  8:30  Terran Vehicle And Ship Armor Level 1  
  64  8:35  SCV  
  65  8:47  SCV  
  66  8:49  Supply Depot  
  66  8:57  Thor  
  66  8:58  Thor  
  66  8:59  SCV  
  79  9:11  SCV  
  79  9:13  Command Center  
  80  9:20  Terran Vehicle Weapons Level 2  
  80  9:24  Armory  
  79  9:38  Missile Turret  
  79  9:44  SCV  
  80  9:50  Command Center  
  80  9:56  Thor  
  80  9:57  SCV  
  87  10:02  Supply Depot  
  88  10:07  SCV  
  88  10:09  SCV  
  88  10:13  Cloaking Field  
  89  10:17  Starport  
  89  10:22  Terran Ship Weapons Level 1  
  89  10:24  SCV  
  89  10:28  Terran Vehicle And Ship Armor Level 2  
  90  10:32  Supply Depot  
  90  10:36  SCV  
  90  10:42  Barracks Tech Lab  
  87  11:10  Supply Depot  
  87  11:16  Banshee  
  90  11:19  Starport Tech Lab  
  90  11:20  SCV  
  90  11:21  Starport  
  90  11:23  Planetary Fortress  
  91  11:28  Supply Depot  
  91  11:32  Hyperflight Rotors, Supply Depot x2  
  91  11:33  SCV  
  91  11:34  Supply Depot  
  91  11:35  Missile Turret  
  91  11:36  Siege Tank  
  91  11:39  SCV  
  96  11:55  Supply Depot  
  96  11:56  Supply Depot  
  96  11:58  Supply Depot  
  96  12:03  Missile Turret  
  96  12:08  Starport Tech Lab, Banshee  
  96  12:09  Banshee  
  102  12:24  Supply Depot  
  102  12:33  SCV  
  103  12:45  SCV  
  103  12:47  Banshee  
  103  12:50  Terran Ship Weapons Level 2  
  107  12:52  SCV, Starport  
  107  12:57  SCV, Refinery  
  109  12:59  Refinery  
  108  13:06  Supply Depot  
  108  13:09  SCV  
  108  13:21  SCV  
  108  13:22  Banshee  
  112  13:27  Banshee  
  112  13:30  Banshee  
  112  13:32  Terran Vehicle Weapons Level 3, Terran Vehicle And Ship Armor Level 3  
  112  13:33  SCV  
  119  13:38  Starport Tech Lab  
  119  13:40  Barracks Tech Lab, Factory  
  119  13:45  SCV  
  119  13:46  Starport  
  120  13:49  Thor x2  
  120  13:57  SCV, Supply Depot  
  122  14:21  Thor  
  122  14:22  Command Center  
  118  14:24  Thor  
  118  14:28  Starport Tech Lab  
  124  14:40  Missile Turret  
  124  15:00  Command Center  
  124  15:02  Supply Depot  
  124  15:06  Supply Depot  
  124  15:25  Banshee x5  
  139  15:32  Supply Depot  
  139  15:35  Missile Turret  
  131  15:46  Planetary Fortress  
  131  15:51  Refinery  
  122  16:38  Refinery  
  122  16:39  Banshee x5  
  137  16:47  Thor  
  143  16:55  SCV  
  143  16:59  SCV  
  145  17:08  SCV  
  146  17:11  SCV  
  147  17:20  SCV  
  148  17:23  SCV  
  149  17:35  SCV  
  149  17:36  Terran Ship Weapons Level 3  
  150  17:39  Banshee  
  150  17:40  Sensor Tower  
  153  17:44  SCV  
  154  17:56  SCV  
  155  17:59  Refinery  
  152  18:08  Barracks Tech Lab, SCV  
  152  18:12  Siege Tank x3  
  149  18:20  SCV  
  149  18:23  Orbital Command  
  139  18:33  SCV  
  132  19:28  Refinery  
  132  19:29  Refinery  
  108  21:06  Supply Depot x2  
  108  21:09  Supply Depot  
  108  21:28  Factory Tech Lab  
  108  21:30  Supply Depot  
  96  21:57  Refinery  
  96  21:58  Refinery  
  96  22:00  Supply Depot  
  91  22:22  Banshee  
  94  22:29  Command Center  
  94  22:33  Supply Depot  
  94  22:44  Banshee x2  
  94  22:45  SCV, Banshee x2  
  107  22:57  SCV  
  108  23:09  SCV  
  108  23:10  Command Center  
  108  23:21  SCV  
  100  23:33  SCV  
  89  23:44  Thor  
  89  23:48  Refinery  
  74  24:10  SCV  
  75  24:22  SCV  
  76  24:34  SCV  
  76  24:35  SCV  
  78  24:39  Orbital Command  
  78  24:46  SCV  
  78  24:47  SCV  
  80  24:58  SCV  
  82  25:04  SCV  
  83  25:10  SCV  
  83  25:17  SCV  
  84  25:22  SCV, Thor  
  91  25:29  SCV  
  92  25:41  SCV  
  93  25:53  SCV  
  55  26:20  Thor  
  55  26:21  Thor x2  
  73  26:25  Refinery  
  73  26:28  SCV  
  73  26:29  Refinery  
  74  26:40  SCV  
  75  26:50  Thor  
  75  26:52  SCV  
  76  26:57  Missile Turret  
  76  26:58  Missile Turret  
  76  27:00  Missile Turret  
  76  27:02  Missile Turret  
  76  27:04  SCV  
  77  27:15  Planetary Fortress  
  77  27:16  SCV  
  66  27:49  Command Center  
  66  28:05  Thor  
  72  28:22  Thor  
  78  28:45  Thor  
  60  28:56  Factory  
  60  29:06  Smart Servos  
  60  29:10  Command Center  
  51  29:37  Planetary Fortress  
  51  29:40  SCV  
  52  29:52  SCV  
  53  30:04  SCV  
  54  30:12  Banshee  
  54  30:13  Banshee  
  60  30:14  Banshee  
  60  30:15  Banshee  
  60  30:16  SCV  
  60  30:17  SCV  
  68  30:29  SCV x2  
  70  30:41  Missile Turret  
  70  30:43  Missile Turret  
  70  30:45  Missile Turret x2  
  70  30:48  Missile Turret  
  70  30:53  Thor  
  67  31:12  Thor  
  67  31:18  SCV  
  74  31:28  SCV  
  74  31:30  SCV  
  76  31:42  SCV, Sensor Tower  
  77  31:54  SCV  
  77  31:58  Thor  
  77  31:59  Thor  
  90  32:01  Thor  
  90  32:03  SCV  
  97  32:12  Refinery x2  
  97  32:15  SCV  
  98  32:20  Supply Depot  
  98  32:38  SCV  
  98  32:40  Factory  
  98  32:41  Command Center  
  99  32:45  Missile Turret  
  99  32:46  Supply Depot  
  99  32:53  Thor  
  105  33:00  Thor  
  105  33:03  Thor  
  117  33:17  Thor  
  123  33:22  Thor x7  
  123  33:23  Supply Depot  
  123  33:36  Factory Tech Lab  
  123  33:41  Supply Depot  
  123  33:50  Thor  
  123  33:51  Thor  
  99  34:32  Thor x2  
  99  34:37  SCV  
  106  34:39  Refinery  
  103  34:49  SCV  
  103  34:50  Thor  
  110  34:56  Refinery  
  110  35:01  SCV  
  111  35:10  SCV  
  111  35:13  SCV  
  107  35:19  Thor  
  107  35:22  SCV  
  107  35:25  SCV  
  97  35:31  Thor x2  
  97  35:34  SCV  
  110  35:37  Planetary Fortress  
  110  35:41  Command Center  
  110  35:45  Supply Depot  
  110  35:46  SCV  
  109  35:58  SCV  
  98  36:16  Thor  
  98  36:17  Thor  
  110  36:36  Thor x3  
  110  36:38  SCV  
  105  36:50  SCV, Refinery  
  100  36:54  Refinery  
  100  37:02  SCV  
  100  37:03  Thor  
  100  37:04  Thor  
  113  37:14  SCV  
  90  37:25  Thor x2  
  90  37:26  SCV  
  97  37:50  Command Center  
  97  37:51  Missile Turret x3  
  97  37:52  Missile Turret  
  97  37:54  Missile Turret  
  90  38:07  Banshee x2  
  90  38:08  Banshee  
  90  38:09  Banshee  
  90  38:12  SCV  
  97  38:23  Planetary Fortress  
  97  38:24  SCV  
  98  38:36  SCV  
  98  38:40  SCV  
  100  38:48  Missile Turret  
  100  38:52  Missile Turret, Thor  
  100  38:53  Thor  
  112  39:05  Planetary Fortress  
  112  39:06  Refinery  
  112  39:08  SCV  
  113  39:20  SCV  
  113  39:22  Thor  
  120  39:32  SCV  
  121  39:44  SCV  
  121  39:45  Sensor Tower  
  132  40:18  Command Center  
Show
View Real Time Build Order
Export as new Build Order

VEGA Zerg 

Build Orders: Hatch First 

Get SALT Encoding   

  12  0:09  Overlord  
  12  0:24  Drone x2  
  14  0:30  Drone  
  15  0:36  Drone  
  16  0:46  Drone  
  17  0:57  Hatchery  
  16  1:08  Drone x2  
  18  1:15  Extractor  
  17  1:19  Spawning Pool  
  16  1:27  Drone  
  16  1:30  Drone  
  18  1:40  Drone  
  19  1:51  Overlord  
  19  2:07  Drone  
  20  2:13  Queen x2  
  20  2:15  Drone x2  
  26  2:27  Drone x2  
  28  2:32  Drone  
  28  2:35  Zergling x2  
  30  2:41  Overlord  
  30  2:46  Drone  
  31  3:02  Hatchery  
  31  3:05  Extractor  
  29  3:07  Queen  
  29  3:12  Lair  
  31  3:16  Drone x2  
  33  3:20  Drone x2  
  33  3:21  Drone  
  36  3:27  Overlord  
  36  3:33  Drone x2  
  38  3:37  Zergling x4  
  40  3:45  Metabolic Boost  
  40  3:48  Drone x2  
  41  3:49  Drone  
  43  4:00  Zergling x6  
  46  4:06  Baneling Nest  
  46  4:08  Extractor  
  46  4:09  Drone  
  45  4:10  Drone x2  
  45  4:15  Zergling x6  
  50  4:34  Infestation Pit  
  50  4:35  Spore Crawler  
  50  4:37  Spore Crawler  
  47  4:46  Drone  
  47  4:47  Drone x5  
  47  4:49  Overlord x2  
  53  4:55  Queen  
  55  5:00  Baneling  
  55  5:01  Baneling x5  
  55  5:04  Centrifugal Hooks  
  55  5:06  Drone  
  56  5:09  Drone  
  56  5:10  Drone  
  56  5:13  Drone  
  59  5:14  Drone  
  59  5:16  Drone  
  61  5:24  Drone x5  
  66  5:33  Drone x2  
  66  5:34  Drone x3  
  71  5:38  Extractor x2  
  71  5:39  Overlord  
  71  5:40  Overlord  
  69  5:44  Overlord  
  69  5:46  Overseer  
  69  5:48  Overseer  
  69  5:56  Spore Crawler  
  68  5:57  Overlord  
  68  5:58  Overlord x2  
  68  6:01  Drone x2  
  68  6:02  Drone  
  71  6:12  Evolution Chamber  
  71  6:14  Evolution Chamber  
  69  6:20  Zergling x22  
  80  6:27  Zergling x2  
  81  6:46  Queen x2  
  81  6:47  Queen  
  83  6:51  Spore Crawler  
  86  6:57  Spore Crawler  
  86  6:59  Spore Crawler  
  83  7:02  Spore Crawler  
  83  7:03  Spore Crawler  
  83  7:04  Zergling x30  
  83  7:07  Baneling x9  
  83  7:08  Baneling  
  96  7:21  Zergling x10  
  101  7:31  Zergling x2  
  101  7:32  Zergling x2  
  103  7:39  Hive  
  74  8:06  Zergling x18  
  83  8:14  Zerg Melee Weapons Level 1, Zerg Ground Armor Level 1  
  83  8:17  Drone  
  83  8:18  Drone x2  
  86  8:29  Hatchery x2  
  84  8:34  Hatchery  
  83  8:56  Hatchery  
  83  8:59  Hatchery  
  81  9:03  Hatchery  
  80  9:21  Zergling x4  
  80  9:22  Zergling x14  
  89  9:51  Zergling x2  
  89  9:52  Zergling x22  
  101  9:55  Baneling  
  101  9:56  Baneling x29  
  101  9:57  Baneling  
  101  9:59  Zergling x10  
  106  10:23  Zergling x12  
  106  10:24  Zergling x32  
  93  11:00  Spire  
  93  11:02  Spore Crawler  
  93  11:03  Spore Crawler  
  90  11:08  Drone, Extractor  
  90  11:09  Drone x17, Spire  
  106  11:13  Drone  
  106  11:14  Drone x20  
  127  11:20  Adrenal Glands  
  127  11:24  Zerg Melee Weapons Level 2  
  127  11:38  Drone x8  
  135  11:40  Overlord  
  135  12:15  Zergling x34  
  147  12:16  Zergling x12  
  158  12:27  Overlord x12  
  158  12:30  Overseer x2  
  158  12:45  Drone x3  
  158  12:46  Drone x6  
  158  12:47  Drone  
  149  13:16  Mutalisk x12  
  162  13:22  Zerg Flyer Weapons Level 1  
  162  13:31  Extractor x2  
  160  13:34  Extractor x2  
  158  13:48  Hatchery  
  152  14:19  Zergling x2  
  152  14:20  Zergling x52  
  174  14:54  Drone x3  
  174  14:55  Drone x2, Zergling x2  
  174  14:56  Zergling x30  
  195  15:01  Mutalisk  
  195  15:02  Mutalisk  
  199  15:10  Zerg Melee Weapons Level 3  
  199  15:11  Zerg Ground Armor Level 2  
  199  15:17  Zerg Flyer Weapons Level 2  
  199  15:19  Zerg Flyer Armor Level 1  
  136  16:09  Ultralisk Cavern  
  136  16:11  Ultralisk Cavern  
  116  16:26  Zergling x14  
  116  16:27  Zergling x46  
  146  16:45  Hatchery  
  145  16:47  Hatchery  
  145  16:49  Zergling x6  
  145  16:50  Zergling x36  
  145  16:51  Hatchery  
  164  17:02  Hatchery  
  164  17:03  Hatchery  
  164  17:04  Hatchery  
  161  17:13  Drone x5  
  161  17:14  Zergling x10  
  161  17:15  Zergling x26  
  184  17:18  Baneling x10  
  184  17:19  Baneling x18  
  184  17:21  Zergling x6  
  187  17:48  Drone, Zergling x14  
  187  17:49  Zergling x8  
  157  18:26  Zergling x14  
  157  18:27  Zergling x36  
  165  18:38  Zerg Ground Armor Level 3  
  151  18:42  Zerg Flyer Armor Level 2  
  151  18:45  Zerg Flyer Weapons Level 3  
  132  18:55  Zergling x2  
  132  18:56  Zergling x58  
  132  18:57  Zergling x16  
  145  19:21  Zergling x36  
  175  19:24  Ultralisk x6  
  175  19:31  Baneling x10  
  198  19:32  Baneling x4  
  198  19:33  Baneling x3  
  198  19:44  Corruptor x3  
  200  19:47  Corruptor  
  200  19:48  Corruptor  
  150  20:27  Corruptor  
  150  20:28  Corruptor x26  
  155  20:34  Zergling x2  
  200  20:47  Overseer x2  
  200  20:48  Overseer x5  
  186  20:53  Spore Crawler  
  186  20:55  Spore Crawler x3  
  173  20:59  Spore Crawler  
  173  21:00  Spore Crawler  
  173  21:03  Spore Crawler x3  
  155  21:05  Spore Crawler  
  155  21:10  Spore Crawler  
  153  21:13  Drone  
  153  21:14  Drone x12  
  166  21:26  Zergling x16  
  166  21:27  Zergling x2  
  171  21:50  Zergling x14  
  168  22:16  Zergling x16  
  176  22:26  Zergling x2  
  176  22:27  Zergling x4  
  174  22:33  Zergling x4  
  174  22:53  Hatchery  
  173  23:19  Hatchery  
  151  23:44  Zergling x16  
  151  23:45  Zergling x6  
  141  24:40  Hatchery  
  140  24:48  Hatchery  
  140  24:51  Hatchery  
  138  25:32  Zergling x16  
  138  25:33  Zergling x12  
  138  25:34  Zergling x12  
  138  26:14  Zergling x26  
  151  26:39  Zergling x14  
  160  26:40  Zergling x6  
  146  27:09  Zergling x20  
  150  27:45  Zergling x24  
  139  28:21  Zergling x16  
  139  28:22  Zergling x2  
  135  28:35  Zergling x2  
  135  28:36  Zergling x4  
  116  29:37  Hatchery  
  115  29:40  Viper x2  
  115  29:41  Viper  
  124  30:20  Hatchery  
  123  30:44  Zergling x2  
  123  30:45  Zergling x2  
  119  32:14  Drone x5  
  124  32:16  Hatchery  
  123  32:23  Extractor  
  123  32:25  Extractor  
  123  32:29  Hatchery  
  120  32:34  Greater Spire  
  120  33:23  Overlord x2  
  120  33:24  Overseer, Overlord x2  
  120  33:25  Overseer x2  
  120  33:35  Zergling x34  
  120  33:36  Zergling x34  
  154  33:49  Brood Lord x4  
  154  33:52  Brood Lord  
  143  34:16  Zergling x36  
  143  34:17  Zergling x4  
  148  34:18  Zergling x2  
  132  34:44  Zergling x2  
  132  34:45  Zergling x40  
  138  35:18  Zergling x40  
  138  35:19  Zergling x12  
  153  35:34  Brood Lord x3  
  159  35:37  Brood Lord  
  104  36:14  Zergling x2  
  104  36:15  Zergling x16  
  115  36:22  Hatchery  
  85  36:37  Zergling x2  
  85  36:38  Zergling x36  
  85  36:39  Zergling x6  
  107  36:40  Hatchery  
  107  36:44  Zerg Missile Weapons Level 1  
  100  36:57  Zergling x6  
  100  36:58  Zergling x18  
  85  37:22  Zergling x2  
  85  37:23  Zergling x28  
  85  37:24  Zergling x2  
  68  38:19  Zergling x2  
  69  38:20  Zergling x30  
  69  38:26  Hatchery  
  83  38:29  Hatchery  
  82  38:46  Ultralisk x2  
  94  39:08  Extractor  
  93  39:11  Extractor  
  92  39:19  Corruptor  
  92  39:20  Corruptor x2  
  98  39:31  Corruptor x2  
  86  39:46  Spore Crawler  
  86  39:47  Spore Crawler  
  75  40:03  Spore Crawler x2  
Tags
 
Composition
Mech
Matchup
TvZ
Spawn Locations
Cross Positions
Add a new tag
Caveats
  • Supply blocks, unpowered buildings, or Contaminate may cause inaccurate times.
  • Supply counts are checked every 10 seconds.